 Dungeon Crawl Stone Soup version 0.31-a0-177-g4aa6249778 (webtiles) character file.

Game seed: 12712927456246501793

335 qw the Shooter (level 6, -7/57 HPs)
             Began as a Naga Hunter on June 18, 2023.
             Mangled by a gnoll sergeant
             ... wielding a +3 trident of freezing
              (9 damage)
             ... on level 5 of the Dungeon.
             The game lasted 00:01:07 (3366 turns).

qw the Shooter (Naga Hunter)                        Turns: 3366, Time: 00:01:08

Health: -7/57      AC:  3    Str: 13    XL:     6   Next: 53%
Magic:  4/4        EV:  9    Int: 10    God:
Gold:   207        SH:  0    Dex: 16    Spells: 5/5 levels left

rFire   . . .        Y - +0 shortbow
rCold   . . .        (shield currently unavailable)
rNeg    . . .        c - +0 leather armour
rPois   +            (no helmet)
rElec   .            (no cloak)
rCorr   .            (no gloves)
SInv    +            (no barding)
Will    .....        o - amulet of the acrobat
Stlth   ++           (no ring)
HPRegen 0.29/turn    (no ring)
MPRegen 0.09/turn

%: acrobat
@: short of breath, very slow
A: AC +2, large, see invisible, deformed body, poison resistance, slowness 2,
spit poison 1, naga tail 1, low MP 2, wild magic 1
a: Spit Poison


You were on level 5 of the Dungeon.
You visited 2 branches of the dungeon, and saw 6 of its levels.

You collected 268 gold pieces.
You spent 61 gold pieces at shops.


Innate Abilities, Weirdness & Mutations

Your serpentine skin is tough. (AC +2)
You have supernaturally acute eyesight. (SInv)
Armour fits poorly on your strangely shaped body.
Your system is resistant to poisons. (rPois)
You cover ground very slowly.
You can spit poison.
You have a snake-like lower body.
Your magical capacity is very low. (-20% MP)
Your spells are a little harder to cast, but a little more powerful.


   Skills:
 - Level 4.0 Fighting
 + Level 6.1 Ranged Weapons
 - Level 1.5 Dodging
 - Level 1.5 Stealth


You had 5 spell levels left.
You didn't know any spells.
Your spell library was empty.

Inventory:

Hand Weapons
 Y - a +0 shortbow (weapon)
Armour
 c - a +0 leather armour (worn)
Jewellery
 o - an amulet of the acrobat (around neck)
Scrolls
 b - a scroll of identify
 l - a scroll of enchant armour
 m - a scroll of teleportation
Potions
 a - a potion of heal wounds
 d - a potion of haste
 e - 2 potions of might
 g - 3 potions of curing
 j - a potion of cancellation {unknown}
 k - a potion of enlightenment {unknown}

Dungeon Overview and Level Annotations

Branches:
Dungeon (5/15)             Temple (1/1) D:5

Altars:
Cheibriados
Dithmenos
Elyvilon
Gozag
Kikubaaqudgha
Makhleb
Qazlal
Ru
Trog
Uskayaw
Wu Jian
Xom
Yredelemnul
The Shining One

Shops:
D:1 *   D:5 *=(

Annotations:
D:5 1 runed translucent door


Message History

The arrow hits the gnoll!
You kill the gnoll!
Your Fighting skill increases to level 4!
You shoot an arrow. The arrow closely misses the gnoll.
The arrow hits the gnoll sergeant!
The gnoll sergeant is moderately wounded.
You have got your breath back.
The gnoll hits you with a +0 club.
3359 ||| INVOKING Spit Poison.
Aiming: Spit Poison (1% risk of failure)
Press: ? - help, Shift-Dir - straight line, f/p - gnoll The splash of poison hits the gnoll but does no damage.
The gnoll hits you from afar with a +0 halberd.
The gnoll hits you with a +0 club.
You shoot an arrow. The arrow hits the gnoll!
The gnoll is severely wounded.
The gnoll hits you from afar with a +0 halberd.
The gnoll hits you with a +0 club.
You shoot an arrow. The arrow hits the gnoll!
You kill the gnoll!
The gnoll hits you from afar with a +0 halberd.
3362 ||| Stepping ~*~*~tactically~*~*~ (outnumbered).
You have got your breath back.
You start resting.
A gnoll sergeant is nearby!
3364 ||| INVOKING Spit Poison.
Aiming: Spit Poison (1% risk of failure)
Press: ? - help, Shift-Dir - straight line, f - gnoll sergeant The splash of poison hits the gnoll sergeant!
The gnoll sergeant is poisoned.
The gnoll sergeant is heavily wounded.
The gnoll sergeant hits you with a +3 trident of freezing!
The gnoll sergeant freezes you.
You shoot an arrow.
The arrow barely misses the gnoll sergeant.
You shoot an arrow.
The arrow barely misses the gnoll sergeant.
The gnoll sergeant hits you with a +3 trident of freezing!
The gnoll sergeant freezes you!
You die...

.## ....###..).....##
..#....##..#...##..#
.....##....#.#..#.#
#.#...#.#..#....#.#
...#....##....#..#
.######..##......>.....#
.........###..#....##..#
#rgg###.#....#..#.#
#)#@..#.#..#.#....#
gg####.#..##...#..##
...g #..#........##
..r## ##.........## ..
########### .


You could see a gnoll sergeant (poisoned), a gnoll and a quokka.

Vanquished Creatures
  An ogre (D:5)
  A hound (D:5)
  A sleepcap (D:4)
  A jelly (D:4)
  An iguana (D:5)
  2 gnolls (D:5)
  5 adders
  An ufetubus (D:5)
  2 worms (D:2)
  A dart slug (D:5)
  2 orcs
  2 bats
  7 endoplasms
  4 giant cockroaches
  A goblin (D:2)
  6 hobgoblins
  3 jackals (D:1)
  10 kobolds
  3 quokkas
  4 ball pythons
  A frilled lizard (D:3)
  7 rats
66 creatures vanquished.

Notes
Turn   | Place    | Note
-------+----------+-------------------------------------------
     0 | D:1      | qw the Naga Hunter began the quest for the Orb.
     0 | D:1      | Reached XP level 1. HP: 19/19 MP: 1/1
     0 | D:1      | 0 ||| qw: Version: 0.3-a-7-ge0c9b40
     0 | D:1      | 0 ||| qw: Game counter: 778
     0 | D:1      | 0 ||| qw: Always use a shield: true
     0 | D:1      | 0 ||| qw: God list: Okawaru
     0 | D:1      | 0 ||| qw: Allow faded altars: false
     0 | D:1      | 0 ||| qw: Do Orc after D:15 true
     0 | D:1      | 0 ||| qw: Do second Lair branch before Depths: true
     0 | D:1      | 0 ||| qw: Lair rune preference: random
     0 | D:1      | 0 ||| qw: Plans: Normal
     0 | D:1      | 0 ||| PLANNING D:1-11
    44 | D:1      | 44 ||| INVOKING Spit Poison.
   113 | D:1      | 113 ||| INVOKING Spit Poison.
   293 | D:1      | 293 ||| INVOKING Spit Poison.
   389 | D:1      | 389 ||| INVOKING Spit Poison.
   391 | D:1      | Found a faded altar of an unknown god.
   420 | D:1      | 420 ||| INVOKING Spit Poison.
   421 | D:1      | Reached skill level 4 in Ranged Weapons
   421 | D:1      | Reached XP level 2. HP: 26/26 MP: 2/2
   447 | D:1      | 447 ||| INVOKING Spit Poison.
   456 | D:1      | Found Qawkou's Assorted Antiques.
   464 | D:1      | 464 ||| BUYING bubbling grey potion (19 gold).
   464 | D:1      | Bought a bubbling grey potion for 19 gold pieces
   464 | D:1      | 464 ||| BUYING scroll labelled EPESYNOIRR (22 gold).
   464 | D:1      | Bought a scroll labelled EPESYNOIRR for 22 gold pieces
   464 | D:1      | 464 ||| SHOPLISTING scroll labelled LUOG COUSUIS (22 gold,
                  | have 2).
   464 | D:1      | 464 ||| SHOPLISTING scroll labelled SOV CEUPUFE (22 gold,
                  | have 2).
   598 | D:1      | 598 ||| INVOKING Spit Poison.
   646 | D:1      | 646 ||| INVOKING Spit Poison.
   647 | D:1      | 647 ||| Stepping ~*~*~tactically~*~*~ (outnumbered).
   650 | D:1      | 650 ||| INVOKING Spit Poison.
   653 | D:1      | 653 ||| INVOKING Spit Poison.
   775 | D:1      | 775 ||| INVOKING Spit Poison.
   788 | D:1      | 788 ||| INVOKING Spit Poison.
   919 | D:1      | 919 ||| READING scroll labelled UCESSI IMEX.
   920 | D:1      | 920 ||| READING scroll labelled YRYJINUOME.
   921 | D:1      | 921 ||| READING scroll labelled EPESYNOIRR.
   922 | D:1      | 922 ||| READING scroll labelled YRAS BIFUU.
   923 | D:1      | 923 ||| READING scroll labelled DAUR YQUIT.
   924 | D:1      | 924 ||| DRINKING 2 bubbling black potions.
   925 | D:1      | 925 ||| DRINKING 2 metallic emerald potions.
   926 | D:1      | 926 ||| DROPPING scroll of butterflies.
   987 | D:2      | 987 ||| INVOKING Spit Poison.
   997 | D:2      | 997 ||| INVOKING Spit Poison.
  1002 | D:2      | Reached XP level 3. HP: 29/32 MP: 3/3
  1040 | D:2      | 1040 ||| INVOKING Spit Poison.
  1059 | D:2      | 1059 ||| INVOKING Spit Poison.
  1064 | D:2      | 1064 ||| INVOKING Spit Poison.
  1067 | D:2      | 1067 ||| INVOKING Spit Poison.
  1144 | D:2      | 1144 ||| INVOKING Spit Poison.
  1158 | D:2      | Identified the +7 short sword "Waostoc" {venom, +Blink}
  1168 | D:2      | 1168 ||| INVOKING Spit Poison.
  1171 | D:2      | 1171 ||| INVOKING Spit Poison.
  1196 | D:2      | 1196 ||| INVOKING Spit Poison.
  1219 | D:2      | 1219 ||| INVOKING Spit Poison.
  1223 | D:2      | 1223 ||| INVOKING Spit Poison.
  1322 | D:2      | 1322 ||| INVOKING Spit Poison.
  1324 | D:2      | You fall into a shaft and drop 1 floor!
  1325 | D:3      | 1325 ||| DRINKING 2 fuming cyan potions.
  1327 | D:3      | 1327 ||| INVOKING Spit Poison.
  1342 | D:2      | 1342 ||| INVOKING Spit Poison.
  1488 | D:2      | 1488 ||| INVOKING Spit Poison.
  1677 | D:2      | 1677 ||| READING scroll labelled DOBLAU QIMIC.
  1709 | D:3      | 1709 ||| INVOKING Spit Poison.
  1726 | D:3      | 1726 ||| INVOKING Spit Poison.
  1835 | D:3      | 1835 ||| INVOKING Spit Poison.
  1837 | D:3      | Reached skill level 5 in Ranged Weapons
  1837 | D:3      | Reached XP level 4. HP: 39/39 MP: 4/4
  2015 | D:3      | 2015 ||| DRINKING 2 sedimented sapphire potions.
  2015 | D:3      | Gained mutation: You have hidden genetic potential. [potion
                  | of mutation]
  2015 | D:3      | Gained mutation: You occasionally lose the ability to drink
                  | potions when taking damage. [potion of mutation]
  2016 | D:3      | 2016 ||| DRINKING potion of mutation.
  2016 | D:3      | Lost mutation: You have hidden genetic potential. [potion
                  | of mutation]
  2016 | D:3      | Lost mutation: You occasionally lose the ability to drink
                  | potions when taking damage. [potion of mutation]
  2016 | D:3      | Gained mutation: You have hidden genetic defects. [potion
                  | of mutation]
  2016 | D:3      | Gained mutation: Your spells are a little harder to cast,
                  | but a little more powerful. [potion of mutation]
  2017 | D:3      | 2017 ||| DRINKING 2 dark potions.
  2018 | D:3      | 2018 ||| READING 2 scrolls of identify.
  2018 | D:3      | 2018 ||| IDENTIFYING sedimented coppery potion
  2019 | D:3      | 2019 ||| DROPPING potion of attraction.
  2047 | D:4      | 2047 ||| INVOKING Spit Poison.
  2058 | D:4      | 2058 ||| INVOKING Spit Poison.
  2063 | D:4      | 2063 ||| INVOKING Spit Poison.
  2124 | D:4      | Gained mutation: Your magical capacity is low. (-10% MP)
                  | [hidden defects]
  2143 | D:4      | 2143 ||| INVOKING Spit Poison.
  2145 | D:4      | Reached skill level 3 in Fighting
  2183 | D:4      | 2183 ||| INVOKING Spit Poison.
  2222 | D:4      | 2222 ||| INVOKING Spit Poison.
  2262 | D:4      | Gained mutation: Your magical capacity is very low. (-20%
                  | MP) [hidden defects]
  2262 | D:4      | Lost mutation: You have hidden genetic defects. [hidden
                  | defects expressed]
  2264 | D:4      | 2264 ||| INVOKING Spit Poison.
  2268 | D:4      | Reached XP level 5. HP: 49/49 MP: 4/4
  2299 | D:4      | 2299 ||| INVOKING Spit Poison.
  2399 | D:4      | 2399 ||| INVOKING Spit Poison.
  2680 | D:4      | 2680 ||| INVOKING Spit Poison.
  2690 | D:4      | 2690 ||| INVOKING Spit Poison.
  2737 | D:4      | 2737 ||| UPGRADING to amulet of the acrobat.
  2742 | D:4      | 2742 ||| READING scroll labelled SOV CEUPUFE.
  2743 | D:4      | 2743 ||| READING scroll labelled ENOMNIWO MIRY.
  2744 | D:4      | 2744 ||| DRINKING 2 bubbling emerald potions.
  2780 | D:4      | 2780 ||| DROPPING potion of lignification.
  2787 | D:5      | Entered Level 5 of the Dungeon
  2788 | D:5      | Found Niycuanuck's Weapon Shoppe.
  2804 | D:5      | Found Xabouzi's General Store.
  2812 | D:5      | 2812 ||| SHOPLISTING +2 robe of willpower (177 gold, have
                  | 170).
  2812 | D:5      | 2812 ||| BUYING scroll of identify (20 gold).
  2812 | D:5      | Bought a scroll of identify for 20 gold pieces
  2818 | D:5      | Found Etwerhoh's Jewellery Boutique.
  2824 | D:5      | 2824 ||| SHOPLISTING +4 ring of protection (540 gold, have
                  | 150).
  2824 | D:5      | 2824 ||| SHOPLISTING +4 ring of slaying (1170 gold, have
                  | 150).
  2824 | D:5      | 2824 ||| SHOPLISTING +6 ring of dexterity (540 gold, have
                  | 150).
  2824 | D:5      | 2824 ||| SHOPLISTING ring "Yghogat" {rPois rF+ Str+3 Int+3}
                  | (732 gold, have 150).
  2824 | D:5      | 2824 ||| SHOPLISTING ring of ice (375 gold, have 150).
  2824 | D:5      | 2824 ||| SHOPLISTING ring of the Tortoise {AC+8} (1920
                  | gold, have 150).
  2829 | D:5      | 2829 ||| INVOKING Spit Poison.
  2836 | D:5      | 2836 ||| INVOKING Spit Poison.
  2842 | D:5      | 2842 ||| INVOKING Spit Poison.
  2940 | D:5      | Found a runed translucent door.
  2967 | D:5      | 2967 ||| INVOKING Spit Poison.
  3041 | D:5      | 3041 ||| INVOKING Spit Poison.
  3048 | D:5      | 3048 ||| INVOKING Spit Poison.
  3055 | D:5      | 3055 ||| INVOKING Spit Poison.
  3057 | D:5      | Reached skill level 6 in Ranged Weapons
  3057 | D:5      | Reached XP level 6. HP: 52/56 MP: 4/4
  3076 | D:5      | Found a staircase to the Ecumenical Temple.
  3077 | D:5      | 3077 ||| PLANNING TEMPLE
  3077 | D:5      | 3077 ||| READING scroll labelled AFOOMI XAEHE.
  3083 | D:5      | 3083 ||| INVOKING Spit Poison.
  3187 | D:5      | 3187 ||| READING 2 scrolls of identify.
  3187 | D:5      | 3187 ||| IDENTIFYING bubbling grey potion
  3188 | D:5      | 3188 ||| DROPPING potion of ambrosia.
  3197 | Temple   | Entered the Ecumenical Temple
  3311 | Temple   | 3311 ||| PLANNING D:1-11
  3353 | D:5      | 3353 ||| Stepping ~*~*~tactically~*~*~ (outnumbered).
  3355 | D:5      | 3355 ||| INVOKING Spit Poison.
  3359 | D:5      | 3359 ||| INVOKING Spit Poison.
  3362 | D:5      | 3362 ||| Stepping ~*~*~tactically~*~*~ (outnumbered).
  3364 | D:5      | 3364 ||| INVOKING Spit Poison.
  3366 | D:5      | HP: 2/57 [gnoll sergeant/+3 trident of freezing (17)]
  3366 | D:5      | Mangled by a gnoll sergeant

Levels and vault maps discovered:
D:1:      dpeg_arrival_round_c, layout_basic, serial_shops, shop,
          ebering_ecumenical_altar_rust
D:2:      layout_basic, minmay_misc_feat_tower, ebering_dispersal_statue_hall
D:3:      layout_rooms
D:4:      layout_basic
D:5:      layout_cave_pools, minmay_temple_entry_mini_moons, serial_shops, shop,
          nicolae_shop_dealshenge, shop, shop, shop_statue,
          ebering_ghost_reflecting_pool, kennysheep_nondescript,
          minmay_hedge_maze
Temple:   nicolae_temple_superstar

Skill      XL: |  1  2  3  4  5  6 |
---------------+-------------------+-----
Ranged Weapons | 4 5 6 |  6.1
Fighting       | 3 4 |  4.0
Dodging        | |  1.5
Stealth        | |  1.5

Action                     |  1- 3 |  4- 6 || total
---------------------------+-------+-------++-------
   Fire: Shortbow          |    58 |    76 ||   134
Ability: Spit Poison       |    31 |    22 ||    53
    Use: Scroll            |     6 |     5 ||    11
         Potion            |     3 |     4 ||     7
 Armour: Leather armour    |     3 |     8 ||    11
  Dodge: Dodged            |    15 |    14 ||    29

Table legend:
 A = Non-vault XP
 B = Vault XP
 C = Vault XP percentage of total XP
 D = Non-vault monster count
 E = Vault monster count
 F = Vault count percentage of total count
                 A         B        C        D         E       F
            +---------+---------+-------+---------+---------+-------
      Total |     479 |       0 |   0.0 |      66 |       0 |   0.0
            +---------+---------+-------+---------+---------+-------
        D:1 |      28 |       0 |   0.0 |      17 |       0 |   0.0
        D:2 |      43 |       0 |   0.0 |      16 |       0 |   0.0
        D:3 |      13 |       0 |   0.0 |       8 |       0 |   0.0
        D:4 |     146 |       0 |   0.0 |      17 |       0 |   0.0
        D:5 |     249 |       0 |   0.0 |       8 |       0 |   0.0
            +---------+---------+-------+---------+---------+-------
